 Dungeon Crawl Stone Soup version 0.18.1-1-g2f07953 (webtiles) character file.

31 RKaid the Charlatan (level 3, -1/27 HPs)
             Began as a Demonspawn Artificer on May 7, 2016.
             Slain by an adder (5 damage)
             ... on level 2 of the Dungeon.
             The game lasted 00:05:47 (1627 turns).

RKaid the Charlatan (Demonspawn Artificer)          Turns: 1627, Time: 00:05:47

Health: -1/27      AC:  6    Str: 12    XL:     3   Next: 7%
Magic:  5/5        EV: 11    Int: 18    God:
Gold:   64         SH:  0    Dex: 13    Spells: 0 memorised, 2 levels left

rFire  . . .     SeeInvis .     a - +0 short sword
rCold  . . .     Gourm    .     b - +0 leather armour
rNeg   . . .     Faith    .     (no shield)
rPois  .         Spirit   .     (helmet restricted)
rElec  .         Dismiss  .     (no cloak)
rCorr  .         Reflect  .     g - +0 pair of gloves
SustAt .         Harm     .     (no boots)
MR     .....                    (no amulet)
Stlth  +.........               (no ring)
                                j - ring of wizardry {Wiz+, !d}

@: brilliant, lethally poisoned (-1 -> -11), not resistant to hostile
enchantments, very unstealthy
A: horns 1, thin metallic scales 1
a: no special abilities


You were on level 2 of the Dungeon.
You were not hungry.

You visited 1 branch of the dungeon, and saw 2 of its levels.

You collected 64 gold pieces.

Inventory:

Hand Weapons
 a - a +0 short sword (weapon)
Armour
 b - a +0 leather armour (worn)
 g - a +0 pair of gloves (worn)
   (You found it on level 1 of the Dungeon)
Jewellery
 j - a ring of wizardry (left hand) {Wiz+, !d}
   (You found it on level 1 of the Dungeon)
Wands
 c - a wand of flame (14/48)
 d - a wand of enslavement (15/24)
 e - a wand of random effects (15/48)
Scrolls
 i - 2 scrolls of amnesia {unknown}
 k - 2 scrolls of random uselessness {unknown}
 l - a scroll of magic mapping {unknown}
 o - 4 scrolls of identify {unknown}
Potions
 h - a potion of brilliance
 n - a potion of curing {unknown}
Comestibles
 f - a bread ration
 m - a meat ration
 p - 2 chunks of flesh
 q - a beef jerky


   Skills:
 * Level 2.0 Fighting
 * Level 2.0 Short Blades
 - Level 1.7 Dodging
 - Level 0.8 Stealth
 + Level 3.1 Evocations


You had 2 spell levels left.
You didn't know any spells.

Dungeon Overview and Level Annotations

Branches:
Dungeon (2/15)

Altars:

Annotations:
D:2 Sigmund


Innate Abilities, Weirdness & Mutations

You have a pair of small horns on your head.
You are partially covered in thin metallic scales (AC +2).


Message History

The bat closely misses you.
You hit the bat. The bat closely misses you. x2
The bat barely misses you. The bat misses you.
You hit the bat.
You kill the bat!
Your Fighting skill increases to level 2!
Found a stone staircase leading down.
A giant newt comes into view.
The giant newt bites you but does no damage.
You hit the giant newt. The giant newt barely misses you.
You completely miss the giant newt. The giant newt misses you.
You hit the giant newt.
You kill the giant newt!
You have reached level 3!
Your experience leads to an increase in your attributes!
Increase (S)trength, (I)ntelligence, or (D)exterity?
You feel stronger.
Your demonic ancestry asserts itself...
A pair of horns grows on your head!
You see here a hunting sling.
You see here 22 arrows.
You are feeling very hungry.
Found a spear.
Found a stone staircase leading up.
A jackal comes into view.
The jackal barks!
You hear a bark!
The jackal bites you.
Found a beef jerky.
Found a stone staircase leading down.
A jackal comes into view.
You barely miss the jackal. Your headbutt misses the jackal.
The jackal bites you but does no damage.
You hit the jackal. You headbutt the jackal.
You kill the jackal!
Your Short Blades skill increases to level 2!
You hit the jackal. Your headbutt misses the jackal.
The jackal bites you but does no damage.
The jackal closely misses you.
You hit the jackal but do no damage. The jackal completely misses you.
You hit the jackal.
The jackal bites you but does no damage.
You hit the jackal.
You kill the jackal!
You see here a jackal corpse.
You butcher the jackal corpse.
Things that are here:
3 chunks of flesh; a jackal skeleton Eating one of 3 chunks of flesh.
This raw flesh tastes terrible.
You continue eating. x2
You see here a beef jerky.
You see here a beef jerky.
Things that are here:
2 chunks of flesh; a jackal skeleton An adder comes into view.
Things that are here:
2 chunks of flesh; a jackal skeleton
p - 2 chunks of flesh You see here a beef jerky.
You see here a beef jerky.
q - a beef jerky Autopickup is now on.
You see here a jackal skeleton.
The adder is too close now for your liking.
The adder bites you.
You miss the adder. The adder bites you.
You are poisoned.
The adder poisons you!
You closely miss the adder. Your headbutt misses the adder.
You feel sick. The adder bites you. The adder misses you.
You barely miss the adder. The adder bites you.
You closely miss the adder.
You headbutt the adder, but do no damage.
You feel sick. The adder completely misses you.
You closely miss the adder. Your headbutt misses the adder.
The adder bites you but does no damage.
You barely miss the adder.
You feel sick. The adder bites you. The adder bites you but does no damage.
You barely miss the adder. The adder bites you but does no damage.
You hit the adder. Your headbutt misses the adder. The adder bites you.
You are more poisoned.
The adder poisons you!
You hit the adder but do no damage. Your headbutt misses the adder.
You feel sick. The adder barely misses you.
The adder bites you but does no damage.
Evoke which item? (* to show all) (? for menu, Esc to quit)
Zapping:
c - a wand of flame (15/48)
Press: ? - help, Shift-Dir - straight line, f - adder
Aim: an adder (lightly wounded)
The puff of flame misses the adder.
This wand has 14 charges left.
You feel sick. The adder bites you.
You are lethally poisoned!
The adder poisons you!
You hit the adder.
* * * LOW HITPOINT WARNING * * *
You feel sick. The adder bites you.
* * * LOW HITPOINT WARNING * * *
Drink which item? (? for menu, Esc to quit)
It was a potion of brilliance.
You feel clever all of a sudden.
* * * LOW HITPOINT WARNING * * *
You feel sick. The adder bites you.
You die...

#.##..# ..# ####.##..# #>#
#....##..# # #.#
#.#####..# ..#
#.###.#####..# ....
#######.##.........#
..#..#. ...#.##..######.#
.......###.#.##..######.#
.......S@....รท..........#
#.#..#######.###.########
#<.#######.# #.#
.#......#.# #.# #####
.)........# #.# #.%.##
#######.#####.# #.....
........(.....# #...##
#######.####### ##.##
#.##########.#


You could see an adder.

Vanquished Creatures
  An ooze (D:1)
  A dart slug (D:1)
  3 ball pythons (D:1)
  2 goblins (D:1)
  2 jackals (D:2)
  6 bats
  3 giant newts
  4 kobolds (D:1)
  4 rats (D:1)
26 creatures vanquished.

Notes
Turn   | Place    | Note
--------------------------------------------------------------
     0 | D:1      | RKaid the Demonspawn Artificer began the quest for the Orb.
     0 | D:1      | Reached XP level 1. HP: 15/15 MP: 3/3
    86 | D:1      | Reached skill level 1 in Short Blades
   133 | D:1      | Gained mutation: You are partially covered in thin metallic scales (AC +2). [demonic ancestry]
   133 | D:1      | Reached XP level 2. HP: 9/21 MP: 4/4
  1448 | D:2      | Noticed Sigmund
  1491 | D:2      | Reached skill level 2 in Fighting
  1516 | D:2      | Gained mutation: You have a pair of small horns on your head. [demonic ancestry]
  1516 | D:2      | Reached XP level 3. HP: 27/27 MP: 5/5
  1566 | D:2      | Reached skill level 2 in Short Blades
  1626 | D:2      | HP: 5/27 [adder (3)]
  1627 | D:2      | Slain by an adder

Skill      XL: |  1  2  3 |
---------------+----------+-----
Short Blades   | 1 2 |  2.0
Fighting       | 2 |  2.0
Dodging        | |  1.7
Stealth        | |  0.8
Evocations     | |  3.1

Action                   || total
-------------------------++-------
Melee: Short sword       ||   105
       Headbutt          ||     2
Evoke: Wand              ||     1
  Use: Potion            ||     1
  Eat: Chunk             ||     2
Armor: Leather armour    ||    52
Dodge: Dodged            ||    82

Vault maps used:
D:1:      sevenhm_arrival_forest_fort_large_2, minmay_shallow_snake_nest
D:2:      corexii_leaking_fountain, amethyst_killhole, uniq_crazy_yiuf_cottage,
          uniq_sigmund, uniq_jessica

Table legend:
 A = Turns spent in this place as a percentage of turns spent in the entire game.
 B = Non-inter-level travel turns spent in this place as a percentage of non-inter-level travel turns spent in the entire game.
 C = Inter-level travel turns spent in this place as a percentage of turns spent in this place.
 D = Turns resting spent in this place as a percentage of non-inter-level travel turns spent in this place.
 E = Turns spent auto-exploring this place as a percentage of non-inter-level travel turns spent in this place.
 F = Non-inter-level travel turns spent in this place divided by the number of levels of this place that you've seen.
                   A       B       C       D       E      F
               +-------+-------+-------+-------+-------+----------------------
         Total | 100.0 | 100.0 |   0.6 |   1.1 |   9.0 | 178.5
       Dungeon | 100.0 | 100.0 |   0.6 |   1.1 |   9.0 | 178.5
               +-------+-------+-------+-------+-------+----------------------

Table legend:
 A = Kills in this place as a percentage of kills in entire the game.
 B = Kills by you in this place as a percentage of kills by you in the entire game.
 C = Kills by friends in this place as a percentage of kills by friends in the entire game.
 D = Other kills in this place as a percentage of other kills in the entire game.
 E = Experience gained in this place as a percentage of experience gained in the entire game.
 F = Experience gained in this place divided by the number of levels of this place that you have seen.
                   A       B       C       D       E      F
               +-------+-------+-------+-------+-------+----------------------
         Total | 100.0 | 100.0 |  -nan |  -nan | 100.0 |  22.5
       Dungeon | 100.0 | 100.0 |  -nan |  -nan | 100.0 |  22.5
               +-------+-------+-------+-------+-------+----------------------
